 Dungeon Crawl Stone Soup version 0.30.1-9-gdf580d7c3d (webtiles) character file.

Game seed: 8633680806038394667

22 Psyclone the Conjurer (level 2, 0/15 HPs)
             Began as a Deep Elf Conjurer on Sept 26, 2023.
             Slain by Sigmund
             ... wielding a +0 scythe
              (9 damage)
             ... on level 2 of the Dungeon.
             The game lasted 00:01:58 (1015 turns).

Psyclone the Conjurer (Deep Elf Conjurer)           Turns: 1015, Time: 00:01:59

Health: 0/15       AC:  2    Str:  4    XL:     2   Next: 68%
Magic:  4/8        EV: 12    Int: 22    God:
Gold:   54         SH:  0    Dex: 13    Spells: 5/8 levels left

rFire   . . .        (no weapon)
rCold   . . .        (no shield)
rNeg    . . .        a - +0 robe
rPois   .            (no helmet)
rElec   .            (no cloak)
rCorr   .            (no gloves)
SInv    .            (no boots)
Will    .....        (no amulet)
Stlth   ++           (no ring)
HPRegen 0.22/turn    (no ring)
MPRegen 0.11/turn

%: no passive effects
@: no status effects
A: no striking features
a: no special abilities


You were on level 2 of the Dungeon.
You visited 1 branch of the dungeon, and saw 2 of its levels.

You collected 54 gold pieces.

Inventory:

Armour
 a - a +0 robe (worn)
Scrolls
 c - 2 scrolls of identify {unknown}
 d - a scroll of fear {unknown}
 f - a scroll of enchant armour {unknown}
 g - a scroll of silence {unknown}
 h - a scroll of amnesia {unknown}
Potions
 b - a potion of magic
 e - a potion of might {unknown}


   Skills:
 - Level 2.4 Dodging
 - Level 2.4 Stealth
 + Level 3.9 Spellcasting
 + Level 4.9 Conjurations


You had 5 spell levels left.
You knew the following spells:

 Your Spells              Type           Power      Damage    Failure   Level
a - Magic Dart            Conj           100%       1d8       1%          1
b - Searing Ray           Conj           50%        2d6       2%          2

Your spell library contained the following spells:

 Spells                   Type           Power      Damage    Failure   Level
 Dazzling Flash           Conj/Hex       30%        N/A       12%         3
 Scorch                   Fire           8%         2d5       17%         2
 Flame Wave               Conj/Fire      15%        2d7       38%         4
 Fulminant Prism          Conj/Hex       7%         3d7       38%         4
 Iskenderun's Mystic Bla  Conj/Tloc      15%        2d5       38%         4
 Summon Cactus Giant      Summ           2%         N/A       100%        6


Dungeon Overview and Level Annotations

Branches:
Dungeon (2/15) Zot: 10983

Altars:

Shops:
D:1 ?

Annotations:
D:2 Sigmund


Message History

Confirm with . or Enter, or press ? or * to list all spells.
Aiming: Searing Ray (safe; 2% risk of failure)
Press: ? - help, Shift-Dir - straight line, f/p - adder
Aim: an adder (heavily wounded, 66% to hit)
The searing ray misses the adder. (Press . to maintain the ray.)
The adder barely misses you.
You now have 3/8 mp.
The searing ray hits the adder!
You kill the adder!
You now have 2/8 mp.
You climb upwards.
There is a stone staircase leading down here.
You start resting.
Your magical contamination has completely faded away.
You start resting.
Magic restored.
MP restored: 8 You climb downwards.
Level annotation: Sigmund
There is a stone staircase leading up here.
You see here an adder corpse.
Found a rapier.
Casting: Searing Ray (safe; 2% risk of failure)
Confirm with . or Enter, or press ? or * to list all spells.
Aiming: Searing Ray (safe; 2% risk of failure)
Press: ? - help, Shift-Dir - straight line, f - Sigmund
Aim: Sigmund, wielding a +0 scythe and wearing a +0 robe (77% to hit)
The searing ray misses Sigmund. (Press . to maintain the ray.)
You now have 6/8 mp.
The searing ray misses Sigmund.
Sigmund points at you and mumbles some strange words.
The magic dart hits you!
You take 7 damage, and have 8/15 hp.
MASSIVE DAMAGE!!
You now have 5/8 mp.
The searing ray hits Sigmund!
Sigmund is moderately wounded.
Sigmund hits you from afar with a +0 scythe!
Ouch! That really hurt!
You die...

#.##+######.
#..........#
+..........#
#..........#
#..........#
#..........#
#.)...@....#
.#######@#
.........#
........†#
........<#
.........#
.........#
$........#
.........#
.........#


You could see Sigmund.

Vanquished Creatures
  An adder (D:2)
  A bat (D:1)
  An endoplasm (D:1)
  A giant cockroach (D:1)
  3 goblins (D:1)
  2 ball pythons (D:1)
  A frilled lizard (D:1)
  3 rats (D:1)
13 creatures vanquished.

Notes
Turn   | Place    | Note
-------+----------+-------------------------------------------
     0 | D:1      | Psyclone the Deep Elf Conjurer began the quest for the Orb.
     0 | D:1      | Reached XP level 1. HP: 10/10 MP: 6/6
   293 | D:1      | Reached XP level 2. HP: 15/15 MP: 5/8
   296 | D:1      | Learned a level 2 spell: Searing Ray
   790 | D:1      | Found Sucakh's Magic Scroll Boutique.
   951 | D:2      | Noticed Sigmund
  1015 | D:2      | Slain by Sigmund

Illustrated notes

Levels and vault maps discovered:
D:1:      lemuel_arrival_muddy, layout_basic, serial_shops, nicolae_shop_trees
D:2:      layout_basic, serial_bayou_ford_a, uniq_sigmund

Action                     || total
---------------------------++-------
   Cast: Magic Dart        ||    22
         Searing Ray       ||     2
  Dodge: Dodged            ||     2
